 Dungeon Sprint DCSS version 0.30-a0-335-ge5acde7520 (webtiles) character file.

Game seed: 16291471690406794601

51 mhtbhm the Covered (level 3, -5/35 HPs)
             Began as an Armataur Fighter on Oct 30, 2022.
             Was an Initiate of Gozag.
             Engulfed by a steam dragon's steam (14 damage)
             ... in the Dungeon (Sprint IX: "|||||||||||||||||||||||||||||").
             The game lasted 00:00:36 (185 turns).

mhtbhm the Covered (Armataur Fighter)                Turns: 185, Time: 00:00:37

Health: -5/35      AC: 11    Str: 23    XL:     3   Next: 57%
Magic:  3/3        EV:  7    Int:  8    God:    Gozag
Gold:   0          SH:  5    Dex: 12    Spells: 2/2 levels left

rFire   . . .      SeeInvis .    a - +2 morningstar (vorpal)
rCold   . . .      Faith    .    c - +0 buckler
rNeg    . . .      Spirit   .    b - +1 scale mail
rPois   .          Reflect  .    m - +0 helmet
rElec   .          Harm     .    (no cloak)
rCorr   .          Roll     +    (no gloves)
Will    .....      NoTele   +    (no barding)
Stlth   ..........               (no amulet)
HPRegen 0.25/turn                n - +2 ring of protection
MPRegen 0.08/turn                o - +3 ring of dexterity

@: no status effects
A: large, rugged brown scales 3, deformed body, armoured tail, roll, long
tongue, awkward tongue
a: Renounce Religion, Potion Petition, Call Merchant, Bribe Branch


You were in the Dungeon.
You worshipped Gozag.
Gozag was noncommittal.
You visited 1 branch

Inventory:

Hand Weapons
 a - a +2 vorpal morningstar (weapon)
Armour
 b - a +1 scale mail (worn)
 c - a +0 buckler (worn)
 m - a +0 helmet (worn)
Jewellery
 n - a +2 ring of protection (left hand)
 o - a +3 ring of dexterity (right hand)
Wands
 l - a wand of roots (10)
Scrolls
 j - 2 scrolls of blinking
 k - 2 scrolls of amnesia
Potions
 d - a potion of might
 e - 5 potions of curing
 f - 3 potions of heal wounds
 g - a potion of haste
 h - 4 potions of magic
 i - a potion of invisibility


   Skills:
 + Level 4.3 Fighting
 + Level 3.1 Maces & Flails
 + Level 5.8 Armour
 + Level 0.1 Dodging
 + Level 5.1 Shields


You had 2 spell levels left.
You didn't know any spells.
Your spell library was empty.

Dungeon Overview and Level Annotations

Branches:
Dungeon (1/1)

Altars:
Cheibriados
Dithmenos
Elyvilon
Fedhas
Gozag
Hepliaklqana
Kikubaaqudgha
Makhleb
Nemelex Xobeh
Okawaru
Qazlal
Ru
Sif Muna
Trog
Uskayaw
Vehumet
Wu Jian
Xom
Yredelemnul
Zin
The Shining One
Jiyva
Lugonu


Innate Abilities, Weirdness & Mutations

You are completely covered in rugged brown scales. (AC +3, +7% HP)
Armour fits poorly on your strangely shaped body.
You have a long armoured tail.
You roll when moving toward enemies. (Rampage)
Your long tongue fully drains potion bottles. (2x potion effects)
Your tongue gives you trouble enunciating. (1.5x scroll delay)


Message History

n - a +2 ring of protection (left hand)
You feel agile.
o - a +3 ring of dexterity (right hand)
You see here a +0 scale mail.
You see here a +0 helmet.
Items here: )))))).
You are now empty-handed.
You drop a +0 flail.
a - a +2 vorpal morningstar
a - a +2 vorpal morningstar (weapon)
You see here a +0 helmet.
You see here a +0 scale mail.
You open the door.
A troll, 2 yaks, a killer bee and 2 dragons come into view.
The troll shouts!
The yak bellows! x2; The acid dragon roars!
The steam dragon hisses angrily.
Unknown command.
Okay, then.
You closely miss the steam dragon.
The steam dragon bites you but does no damage.
You block the steam dragon's attack.
You hit the steam dragon.
The steam dragon is moderately wounded.
The steam dragon bites you! The steam dragon claws you.
The steam dragon bites you but does no damage.
The steam dragon claws you.
You barely miss the steam dragon.
The steam dragon is moderately wounded.
The steam dragon breathes steam at you. The ball of steam hits you!
You barely miss the steam dragon.
The steam dragon is moderately wounded.
You are engulfed in a cloud of scalding steam.
* * * LOW HITPOINT WARNING * * *
The steam dragon completely misses you.
The steam dragon claws you but does no damage.
You barely miss the steam dragon.
The steam dragon is moderately wounded.
You are engulfed in a cloud of scalding steam.
You die...
Your body crumbles into a pile of gold.

$
▓.▓
$
▓T▓
$ $
▓Y▓
$
▓Y▓
$
▓D▓
▓y▓
$ $
▓D▓
▓@▓
$
▓.▓
▓§▓
$
▓[▓
▓§▓
$
▓.▓
$
▓)▓
$
▓.▓
$
▓.▓


You could see 2 yaks, a troll, a steam dragon (catching breath), an acid dragon
and a killer bee.

Vanquished Creatures
  An orc priest (D)
  An adder (D)
  A dart slug (D)
  3 orcs (D)
  A hobgoblin (D)
  A jackal (D)
  A ball python (D)
  A frilled lizard (D)
10 creatures vanquished.

Notes
Turn   | Place    | Note
-------+----------+-------------------------------------------
     0 | D        | mhtbhm the Armataur Fighter began the quest for the Orb.
     0 | D        | Reached XP level 1. HP: 19/19 MP: 1/1
    61 | D        | Noticed an orc priest
    70 | D        | Killed an orc priest
    71 | D        | Reached skill level 5 in Armour
    71 | D        | Reached XP level 2. HP: 28/28 MP: 2/2
    71 | D        | Reached XP level 3. HP: 35/35 MP: 3/3
    74 | D        | Reached skill level 5 in Shields
    84 | D        | Found a snail-covered altar of Cheibriados.
    84 | D        | Found a shadowy altar of Dithmenos.
    84 | D        | Found a white marble altar of Elyvilon.
    84 | D        | Found a blossoming altar of Fedhas.
    84 | D        | Found an opulent altar of Gozag.
    85 | D        | Found a hazy altar of Hepliaklqana.
    86 | D        | Found a viscous altar of Jiyva.
    87 | D        | Found an ancient bone altar of Kikubaaqudgha.
    88 | D        | Found a corrupted altar of Lugonu.
    89 | D        | Found a burning altar of Makhleb.
    90 | D        | Found a sparkling altar of Nemelex Xobeh.
    91 | D        | Found an iron altar of Okawaru.
    92 | D        | Found a stormy altar of Qazlal.
    93 | D        | Found a sacrificial altar of Ru.
    94 | D        | Found a shimmering blue altar of Sif Muna.
    95 | D        | Found a bloodstained altar of Trog.
    96 | D        | Found a hide-covered altar of Uskayaw.
    97 | D        | Found a radiant altar of Vehumet.
    98 | D        | Found an ornate altar of the Wu Jian Council.
   110 | D        | Became a worshipper of Gozag Ym Sagoz the Greedy
   118 | D        | Found a shimmering altar of Xom.
   119 | D        | Found a basalt altar of Yredelemnul.
   120 | D        | Found a glowing silver altar of Zin.
   121 | D        | Found a glowing golden altar of the Shining One.
   180 | D        | Noticed a troll
   180 | D        | Noticed a yak
   180 | D        | Noticed a yak
   180 | D        | Noticed an acid dragon
   180 | D        | Noticed a killer bee
   180 | D        | Noticed a steam dragon
   185 | D        | Engulfed by a steam dragon's steam

Illustrated notes

Levels and vault maps discovered:
D:        linesprint [early_d, line_temple, items_1, d_10, items_2, lair_1,
          lair_end, items_3, orc_1, orc_end, items_4, d_15, swamp_1, shoals_1,
          snake_1, spider_1, d_20, vaults_1, items_5, swamp_end, shoals_end,
          snake_end, spider_end, vaults_end, d_27, items_6, zot_1, zot_end,
          crypt_end, forest_end, elf_end, slime_end, tomb_end, abyss_end,
          pan_hell_end]

Skill      XL: |  1  2  3 |
---------------+----------+-----
Fighting       | 4 |  4.3
Armour         | 5 |  5.8
Maces & Flails | 2 3 |  3.1
Shields        | 4 5 |  5.1
Dodging        | |  0.1

Action                   || total
-------------------------++-------
Melee: Flail             ||    36
       Tailslap          ||     2
       Morningstar       ||     5
  Use: Potion            ||     1
Armor: Scale mail        ||    15
Dodge: Dodged            ||     9
Block: Buckler           ||     8

Table legend: (Time is in decaauts)
 A = Elapsed time spent in this place.
 B = Non-inter-level travel time spent in this place.
 C = Inter-level travel time spent in this place.
 D = Time resting spent in this place.
 E = Time spent auto-exploring this place.
 F = Levels seen in this place.
 G = Mean time per level.
                   A        B        C        D        E       F      G
               +--------+--------+--------+--------+--------+-----+--------+
         Total |    199 |    199 |      0 |     32 |      3 |   1 |  199.0 |
       Dungeon |    199 |    199 |      0 |     32 |      3 |   1 |  199.0 |
               +--------+--------+--------+--------+--------+-----+--------+

Top non-repeatable levels by time:
       D: 199 daAuts
